General information
- name: BNet
- type: Ladder team game (AT/RT)
- host: Battle.net
- saver: lllove
map: Deathknell
- players: 8
- length: 05:13
- speed: Fast
- version: 1.26 W3XP
- replay type: Public
» download(39 KB)
Players
team 1 (loser)

»
Canada.Eh (
pink | 31 APM | 159 actions | 05:07)
2 Death Knight
1 Death Coil
1 Unholy Aura
» actions
| Assign group hotkey | 3 | |
| Basic commands | 7 | |
| Build / train | 17 | |
| ESC pressed | 1 | |
| Enter build submenu | 4 | |
| Enter hero's abilities submenu | 2 | |
| Right click | 38 | |
| Select / deselect | 36 | |
| Select group hotkey | 38 | |
| Use ability | 13 | |
159 total
» units
| Acolyte | 2 | |
| Ghoul | 8 | |
| Goblin Shredder | 3 | |
13 total
» buildings
| Crypt | 1 | |
| Altar of Darkness | 1 | |
| Ziggurat | 2 | |
| Halls of the Dead | 1 | |
5 total
» build order
00:17 Crypt
00:28 Altar of Darkness
00:40 Ziggurat
00:57 Ziggurat
02:32 Halls of the Dead
oweedypuss (
red | 165 APM | 841 actions | 05:05)
2 Archmage
1 Summon Water Elemental
1 Brilliance Aura
» actions
| Assign group hotkey | 101 | |
| Basic commands | 3 | |
| Build / train | 30 | |
| Enter build submenu | 8 | |
| Enter hero's abilities submenu | 2 | |
| Right click | 327 | |
| Select / deselect | 89 | |
| Select group hotkey | 255 | |
| Use ability | 26 | |
841 total
» units
» buildings
| Altar of Kings | 1 | |
| Barracks | 1 | |
| Farm | 4 | |
| Scout Tower | 1 | |
| Arcane Tower | 1 | |
| Arcane Vault | 1 | |
| Keep | 1 | |
10 total
» build order
00:11 Altar of Kings
00:24 Barracks
00:36 Farm
00:51 Farm
01:31 Scout Tower
01:46 Farm
01:59 Arcane Tower
02:58 Arcane Vault
03:18 Farm
04:18 Keep
» items
Felix (
teal | 0 APM | 0 actions | 01:46)
Pick-BaBa (
orange | 40 APM | 207 actions | 05:12)
1 Paladin
1 Holy Light
1 Tauren Chieftain
1 Endurance Aura
» actions
| Build / train | 28 | |
| Enter build submenu | 18 | |
| Enter hero's abilities submenu | 2 | |
| Right click | 49 | |
| Select / deselect | 90 | |
| Use ability | 20 | |
207 total
» units
| Peasant | 8 | |
| Peon | 8 | |
| Footman | 4 | |
| Grunt | 3 | |
23 total
» upgrades
» buildings
| Farm | 6 | |
| Barracks | 3 | |
| Altar of Kings | 1 | |
| Arcane Vault | 1 | |
| Altar of Storms | 1 | |
| Orc Burrow | 3 | |
| Lumber Mill | 1 | |
| Blacksmith | 1 | |
| Voodoo Lounge | 1 | |
18 total
» build order
00:57 Farm
01:09 Barracks
01:23 Barracks
01:29 Farm
01:38 Altar of Kings
02:11 Farm
02:20 Arcane Vault
02:23 Altar of Storms
02:28 Orc Burrow
02:37 Lumber Mill
02:46 Blacksmith
02:50 Farm
02:54 Barracks
03:27 Farm
03:47 Orc Burrow
03:58 Voodoo Lounge
04:15 Farm
05:06 Orc Burrow
team 2 (winner)
lllove (
blue | 60 APM | 313 actions | 05:13)
3 Blood Mage
2 Flame Strike
1 Siphon Mana
» actions
| Assign group hotkey | 14 | |
| Basic commands | 13 | |
| Build / train | 25 | |
| Enter build submenu | 12 | |
| Enter hero's abilities submenu | 4 | |
| Right click | 104 | |
| Select / deselect | 103 | |
| Select group hotkey | 15 | |
| Use ability | 23 | |
313 total
» units
» buildings
| Altar of Kings | 1 | |
| Barracks | 1 | |
| Farm | 4 | |
| Scout Tower | 4 | |
| Arcane Tower | 1 | |
| Keep | 1 | |
| Lumber Mill | 1 | |
| Arcane Vault | 1 | |
14 total
» build order
00:35 Altar of Kings
00:36 Barracks
00:49 Farm
00:50 Farm
01:04 Farm
01:38 Scout Tower
02:04 Farm
02:35 Arcane Tower
03:33 Keep
03:38 Lumber Mill
03:53 Arcane Vault
04:47 Scout Tower
04:47 Scout Tower
04:48 Scout Tower

»
LearnMeSomethin (
green | 70 APM | 367 actions | 05:13)
2 Mountain King
1 Storm Bolt
1 Bash
» actions
| Build / train | 28 | |
| Enter build submenu | 12 | |
| Enter hero's abilities submenu | 2 | |
| Right click | 208 | |
| Select / deselect | 104 | |
| Use ability | 13 | |
367 total
» units
» buildings
| Altar of Kings | 1 | |
| Barracks | 1 | |
| Farm | 4 | |
| Scout Tower | 1 | |
| Arcane Vault | 1 | |
| Arcane Tower | 1 | |
| Town Hall | 1 | |
| Lumber Mill | 1 | |
11 total
» build order
00:10 Altar of Kings
00:14 Barracks
00:22 Farm
01:01 Farm
01:43 Farm
02:26 Scout Tower
03:12 Arcane Vault
03:13 Arcane Tower
03:17 Town Hall
03:52 Farm
04:29 Lumber Mill
» items
| Scroll of Regeneration | 2 | |
| Lesser Clarity Potion | 1 | |
| Mechanical Critter | 1 | |
4 total

»
ud_machi (
purple | 107 APM | 558 actions | 05:13)
2 Keeper of the Grove
1 Force of Nature
1 Entangling Roots
» actions
| Assign group hotkey | 41 | |
| Basic commands | 70 | |
| Build / train | 34 | |
| ESC pressed | 2 | |
| Enter build submenu | 9 | |
| Enter hero's abilities submenu | 2 | |
| Right click | 173 | |
| Select / deselect | 45 | |
| Select group hotkey | 168 | |
| Use ability | 14 | |
558 total
» units
» upgrades
» buildings
| Altar of Elders | 1 | |
| Moon Well | 3 | |
| Ancient of War | 2 | |
| Hunter's Hall | 1 | |
7 total
» build order
00:08 Altar of Elders
00:23 Moon Well
02:06 Ancient of War
02:11 Hunter's Hall
02:13 Moon Well
02:35 Ancient of War
03:40 Moon Well

»
Mr.Smart (
yellow | 44 APM | 230 actions | 05:13)
2 Archmage
1 Summon Water Elemental
1 Brilliance Aura
» actions
| Assign group hotkey | 7 | |
| Build / train | 23 | |
| Enter build submenu | 9 | |
| Enter hero's abilities submenu | 2 | |
| Remove unit from queue | 1 | |
| Right click | 78 | |
| Select / deselect | 55 | |
| Select group hotkey | 43 | |
| Use ability | 12 | |
230 total
» units
| Peasant | 11 | |
| Footman | 5 | |
| Rifleman | 2 | |
18 total
» upgrades
» buildings
| Altar of Kings | 1 | |
| Farm | 3 | |
| Barracks | 2 | |
| Blacksmith | 1 | |
| Town Hall | 1 | |
| Lumber Mill | 1 | |
9 total
» build order
00:07 Altar of Kings
00:09 Farm
00:22 Barracks
00:41 Farm
01:26 Farm
02:24 Blacksmith
04:21 Town Hall
04:34 Barracks
05:10 Lumber Mill
Chat log
(00:18 / Allies) LearnMeSomethin: fast expo
(00:27 / Allies) ud_machi: ok
(00:33 / Allies) ud_machi: need help?
(00:45 / Allies) LearnMeSomethin: sure
(00:49 / Allies) LearnMeSomethin: if we wanna do it asap
(00:50 / Allies) ud_machi: ok where?
(00:56 / Allies) ud_machi: ok
(01:53 / Allies) lllove: be prepared for rush
(02:00 / Allies) ud_machi: ok
(03:31 / Allies) LearnMeSomethin: u got any units?
(03:47 / Allies) ud_machi: i gave u money
(03:49 / Allies) ud_machi: no unit now
(04:01 / Allies) LearnMeSomethin: come creep this then dude
(04:25 / Allies) ud_machi: i go harass
(04:31 / Allies) LearnMeSomethin: good idea
(05:06 / Allies) LearnMeSomethin: i come with maybe
(05:10 / All) LearnMeSomethin: GG